 Dungeon Crawl Stone Soup version 0.22-a0-580-gd5db89c (webtiles) character file.

392 varam the Sneak (level 6, -7/37 HPs)
             Began as an Octopode Wizard on July 3, 2018.
             Was an Initiate of Ru.
             Killed from afar by an orc wizard (9 damage)
             ... with a magic dart
             ... on level 4 of the Dungeon.
             The game lasted 00:11:35 (3967 turns).

varam the Sneak (Octopode Wizard)                   Turns: 3967, Time: 00:11:35

Health: -7/37      AC:  1    Str:  6    XL:     6   Next: 81%
Magic:  6/10       EV: 13    Int: 22    God:    Ru [......]
Gold:   132        SH:  0    Dex: 11    Spells: 3/11 levels left

rFire    x . .     SeeInvis +   m - +0 short sword (freeze)
rCold    + . .     Gourm    .   (no shield)
rNeg     . . .     Faith    .   a - +0 hat
rPois    .         Spirit   .   (no amulet)
rElec    .         Reflect  .   k - ring of resist corrosion
rCorr    +         Harm     .   i - ring of see invisible
MR       .....                  o - ring of ice
Stlth    ++++......             (no ring)
HPRegen  0.12/turn              (no ring)
MPRegen  0.12/turn              (no ring)
                                (no ring)
                                (no ring)

@: no status effects
A: almost no armour, stealthy swim, amphibious, 8 rings, constrict 8, camouflage
1, gelatinous body 1
a: Renounce Religion


You were on level 4 of the Dungeon.
You worshipped Ru.
Ru was noncommittal.
You were hungry.

You visited 1 branch of the dungeon, and saw 4 of its levels.

You collected 132 gold pieces.

Inventory:

Hand Weapons
 g - a +0 short sword
 h - a +0 whip
 m - a +0 short sword of freezing (weapon)
 p - a +0 blowgun
Missiles
 r - 7 poisoned needles
Armour
 a - a +0 hat (worn)
Jewellery
 i - a ring of see invisible (right tentacle)
 k - a ring of resist corrosion (left tentacle)
 o - a ring of ice (on tentacle)
Scrolls
 b - a scroll of immolation {unknown}
 d - 3 scrolls of identify {unknown}
 f - 2 scrolls of teleportation {unknown}
 j - a scroll of remove curse {unknown}
Potions
 c - a potion of heal wounds {unknown}
 l - 2 potions of lignification {unknown}
 n - 2 potions of cancellation {unknown}
 q - 2 potions of curing
Comestibles
 e - 3 rations
 s - 2 chunks of flesh


   Skills:
 + Level 0.3 Fighting
 + Level 2.0 Dodging
 + Level 5.5 Stealth
 + Level 3.0 Spellcasting
 + Level 3.3 Conjurations
 + Level 3.1 Summonings
 - Level 1.0 Translocations
 + Level 2.0 Air Magic
 + Level 2.5 Poison Magic


You had 3 spell levels left.
You knew the following spells:

 Your Spells              Type           Power        Failure   Level  Hunger
a - Magic Dart            Conj           ###.         3%          1    None
b - Call Imp              Summ           ###.....     5%          2    ##.....
c - Blink                 Tloc           N/A          12%         2    ##.....
d - Mephitic Cloud        Conj/Pois/Air  ##......     13%         3    ###....

Your spell library contained the following spells:

 Spells                   Type           Power        Failure   Level  Hunger
 Conjure Flame            Conj/Fire      ##......     19%         3    ###....
 Slow                     Hex            #.......     19%         2    ##.....


Dungeon Overview and Level Annotations

Branches:
Dungeon (4/15)
 Temple: D:4-7

Altars:
Elyvilon
Okawaru
Ru


Innate Abilities, Weirdness & Mutations

You cannot wear most types of armour.
You are very stealthy in the water. (Stealth+)
You are amphibious.
You can wear up to eight rings at the same time.
You can use your tentacles to constrict eight enemies at once.
Your skin changes colour to match your surroundings (Stealth+).
Your rubbery body absorbs attacks. (AC +1, EV +1)


Message History

The worm bites itself.
A howler monkey comes into view.
Your crimson imp hits the worm but does no damage.
You feel sick.
Your crimson imp hits the worm.
Your crimson imp hits the worm.
You hit the worm but do no damage. You grab the worm.
The worm is severely wounded.
You constrict the worm.
Your crimson imp hits the worm but does no damage.
The worm struggles to escape constriction.
You release your grip on the worm.
Your crimson imp hits the worm.
You hit the howler monkey but do no damage.
You grab the howler monkey. You constrict the howler monkey.
You feel sick.
You are no longer poisoned.
The howler monkey hits you!
* * * LOW HITPOINT WARNING * * *
An orc wizard comes into view. It is wielding a dagger.
The orc wizard casts a spell at you. The magic dart hits you!
You die...

#+#############
#...........#..
#####.........5.'..
#...#.......5w..#..
#...#...w.......#..
##.###..######.####
#@####'######.####
#h................
#[5...............
+.w..)............
#...............##
#.......#..............
#
#.......#..##..##..##.
#. #.......##'##.o# ..#
#. #.......# ......
.... ##


You could see a worm (confused), a howler monkey, an orc wizard and a friendly
crimson imp.

Vanquished Creatures
  A hippogriff (D:3)
  An orc wizard (D:2)
  A worker ant (D:4)
  Robin (D:2)
  4 adders
  An ooze (D:2)
  A worm (D:3)
  2 dart slugs
  3 leopard geckos
  3 orcs (D:2)
  4 giant cockroaches
  18 goblins
  9 hobgoblins
  3 ball pythons
  10 bats
  5 frilled lizards
  7 kobolds
  5 rats
79 creatures vanquished.

Vanquished Creatures (collateral kills)
  Sigmund (D:3)
  A centaur skeleton (D:4)
  A kobold (D:3)
3 creatures vanquished.

Grand Total: 82 creatures vanquished

Notes
Turn   | Place    | Note
-------+----------+-------------------------------------------
     0 | D:1      | varam the Octopode Wizard began the quest for the Orb.
     0 | D:1      | Reached XP level 1. HP: 11/11 MP: 4/4
   175 | D:1      | Reached skill level 3 in Stealth
   281 | D:1      | Reached XP level 2. HP: 17/17 MP: 4/6
   285 | D:1      | Learned a level 2 spell: Call Imp
   288 | D:1      | Learned a level 2 spell: Blink
  1051 | D:1      | Reached XP level 3. HP: 21/21 MP: 5/7
  1450 | D:1      | Learned a level 3 spell: Mephitic Cloud
  1469 | D:2      | Reached skill level 4 in Stealth
  1743 | D:2      | Found an iron altar of Okawaru.
  1745 | D:2      | Reached XP level 4. HP: 27/27 MP: 6/8
  1898 | D:3      | Noticed a hippogriff
  1921 | D:3      | Killed a hippogriff
  1921 | D:3      | Reached skill level 1 in Air Magic
  1921 | D:3      | Reached skill level 1 in Poison Magic
  1921 | D:3      | Reached XP level 5. HP: 21/31 MP: 1/9
  2182 | D:3      | Noticed a phantom
  2471 | D:2      | Reached skill level 5 in Stealth
  2562 | D:2      | Found a sacrificial altar of Ru.
  2569 | D:2      | Became a worshipper of Ru the Awakened
  2712 | D:2      | Reached XP level 6. HP: 34/36 MP: 10/10
  2907 | D:2      | Noticed Robin
  3116 | D:2      | Killed Robin
  3385 | D:3      | Noticed Sigmund
  3404 | D:3      | Found a white marble altar of Elyvilon.
  3417 | D:3      | Killed Sigmund
  3967 | D:4      | Killed from afar by an orc wizard

Vault maps used:
D:1:      lightli_arrival_statuegarden
D:2:      okawaru_gym_becter, old_standard_altar, uniq_robin
D:3:      old_standard_altar, minmay_misc_feat_hallway,
          kennysheep_generic_room_8, uniq_sigmund
D:4:      kennysheep_mini

Skill      XL: |  1  2  3  4  5  6 |
---------------+-------------------+-----
Stealth        | 3 4 5 |  5.5
Conjurations   | 2 3 |  3.3
Summonings     | 2 3 |  3.1
Air Magic      | 1 2 |  2.0
Poison Magic   | 1 2 |  2.5
Fighting       | |  0.3
Dodging        | |  2.0
Spellcasting   | |  3.0
Translocations | |  1.0

Action                   |  1- 3 |  4- 6 || total
-------------------------+-------+-------++-------
Melee: Unarmed           |    13 |       ||    13
       Tentacles         |     8 |     8 ||    16
       Constrict         |    11 |    32 ||    43
       Whip              |    18 |       ||    18
       Short sword       |     2 |   106 ||   108
 Cast: Magic Dart        |    49 |    11 ||    60
       Call Imp          |       |     8 ||     8
       Mephitic Cloud    |       |     6 ||     6
       Blink             |       |     1 ||     1
  Use: Potion            |       |     1 ||     1
 Stab: Sleeping          |     2 |    11 ||    13
       Confused          |       |     1 ||     1
  Eat: Chunk             |     2 |     8 ||    10
Armor: Skin              |       |     7 ||     7
Dodge: Dodged            |    21 |    69 ||    90

Table legend:
 A = Spawn XP
 B = Non-spawn XP
 C = Spawn XP percentage of total XP
 D = Spawn monster count
 E = Non-spawn monster count
 F = Spawn count percentage of total count
 G = Total turns spent on level
                    A         B        C        D         E        F      G
               +---------+---------+-------+---------+---------+-------+---------
         Total |       0 |     561 |   0.0 |       0 |      82 |   0.0 |  3967
               +---------+---------+-------+---------+---------+-------+---------
           D:1 |       0 |      38 |   0.0 |       0 |      25 |   0.0 |  1432
           D:2 |       0 |     154 |   0.0 |       0 |      34 |   0.0 |  1143
           D:3 |       0 |     299 |   0.0 |       0 |      20 |   0.0 |  1277
           D:4 |       0 |      70 |   0.0 |       0 |       3 |   0.0 |   115
               +---------+---------+-------+---------+---------+-------+---------
